 Dungeon Crawl Stone Soup version 0.31-a0-1009-g454b1f1e0a (webtiles) character file.

Game seed: 4415737307733412604

696 kae the Vexing (level 7, -3/69 HPs)
             Began as a Demonspawn Enchanter on Nov 14, 2023.
             Splashed by a jelly's acid (8 damage)
             ... on level 4 of the Dungeon.
             The game lasted 00:04:01 (3610 turns).

kae the Vexing (Demonspawn Enchanter)               Turns: 3610, Time: 00:04:01

Health: -3/69      AC:  7    Str: 11    XL:     7   Next: 37%
Magic:  6/11       EV: 11    Int: 16    God:
Gold:   164        SH:  0    Dex: 13    Spells: 6/12 levels left

rFire   + . .        h - +0 short sword (flame)
rCold   . . .        (no shield)
rNeg    . . .        o - +2 leather armour {rPois}
rPois   +            l - +0 hat
rElec   .            (no cloak)
rCorr   .            (no gloves)
SInv    .            (no boots)
Will    +....        (no amulet) Stlth
                     k - ring of willpower
HPRegen 0.31/turn    F - ring of protection from fire
MPRegen 0.12/turn

%: no passive effects
@: brilliant, berserking, weakened, very slightly contaminated, very quick
A: hooves 2, yellow scales 1, demonic guardian 1
a: no special abilities


You were on level 4 of the Dungeon.
You visited 2 branches of the dungeon, and saw 5 of its levels.

You collected 164 gold pieces.


Innate Abilities, Weirdness & Mutations

You have hoof-like feet.
You are partially covered in yellow scales. (AC +2)
A weak demonic guardian rushes to your aid.


   Skills:
 * Level 3.8 Short Blades
 - Level 1.7 Dodging
 + Level 3.9 Stealth
 + Level 3.2 Spellcasting
 * Level 5.1 Hexes
 - Level 3.0 Ice Magic


You had 6 spell levels left.
You knew the following spells:

 Your Spells              Type           Power      Damage    Failure   Level
a - Ensorcelled Hibernat  Hex/Ice        46%        N/A       7%          2
b - Confusing Touch       Hex            28%        N/A       9%          3
c - Necrotise             Necr           12%        1d4       24%         1

Your spell library contained the following spells:

 Spells                   Type           Power      Damage    Failure   Level
 Tukima's Dance           Hex            28%        N/A       9%          3
 Dazzling Flash           Conj/Hex       32%        N/A       26%         3

Inventory:

Hand Weapons
 a - a +1 dagger
 h - a +0 short sword of flaming (weapon)
   (You found it on level 1 of the Dungeon)
Missiles
 e - 26 stones
 i - a boomerang
 m - 3 javelins
 n - 15 poisoned darts
 r - 6 curare-tipped darts {=f}
Armour
 b - a +0 robe
 l - a +0 hat (worn)
   (You found it on level 1 of the Dungeon)
 o - a +2 leather armour of poison resistance (worn)
   (You took it off an orc on level 2 of the Dungeon)
Jewellery
 k - a ring of willpower (left hand)
   (You found it on level 1 of the Dungeon)
 F - a ring of protection from fire (right hand)
   (You found it on level 4 of the Dungeon)
Scrolls
 d - a scroll of vulnerability {unknown}
 p - a scroll of identify {@r1}
 q - 2 scrolls of enchant weapon {unknown}
 s - a scroll of butterflies {unknown}
Potions
 c - 2 potions of invisibility
 f - a potion of degeneration {!q}
 j - a potion of attraction {!q}

Dungeon Overview and Level Annotations

Branches:
Dungeon (4/15) Zot: 20467  Temple (1/1) D:4 Zot: 5959

Altars:
Cheibriados
Fedhas
Nemelex Xobeh
Qazlal
Ru
Sif Muna
Trog
Uskayaw
Vehumet
Wu Jian
Xom

Annotations:
D:3 3 runed translucent doors, Azuregosa's ghost, weakling OpDe; Vorhees's ghost, amateur HuFi; captivecurve's ghost, amateur GrEE
D:4 4 runed translucent doors

..<...#8....8# #.##.#
......#)....[# ..##.#
..[...#(....=#
..##.####
###...#8....8#
##.##....##
#...##8.K8#######
#.#####..#
#....##++##.')#.#
##.### #...........#..#
# #....
##.....####.#.####.#
#.... #####.# #.##@J..#
#.... #)# #..######..
#.... #####.#
##........# #....
#.....# ##..######
##### #.#####
####.####### #.#
#..........# #.#####
#..........#
#.....###..........#
########.##...........#


You could see a jelly.


Message History

You hit the gnoll bouda but do no damage.
You kick the gnoll bouda.
The gnoll bouda hits you with a +4 vampiric whip.
The gnoll bouda draws strength from your wounds! 😕 HP[-6]
You take 6 damage, and now have 40/46 hp.
A gnoll bouda is nearby!
A gnoll bouda is nearby!
You hit the gnoll bouda but do no damage.
Your kick misses the gnoll bouda.
The gnoll bouda hits you with a +4 vampiric whip!
You are too injured to fight recklessly! 😮 HP[-12]
You take 12 damage, and now have 28/46 hp.
MASSIVE DAMAGE!! (PAUSE)
Casting: Ensorcelled Hibernation (safe; 7% risk of failure)
Confirm with . or Enter, or press ? or * to list all spells.
Aiming: Ensorcelled Hibernation (safe; 7% risk of failure)
Press: ? - help, Shift-Dir - straight line, f - gnoll bouda
Aim: a gnoll bouda, wielding a +4 vampiric whip and wearing a +0 leather armour (chance to affect: 49%)
You miscast Ensorcelled Hibernation.
You are very lightly contaminated with residual magic.
Nothing appears to happen.
The gnoll bouda closely misses you. 😮 HP[+1] MP[-2]
You lost 2 mp, and now have 9/11 mp.
Casting: Ensorcelled Hibernation (safe; 7% risk of failure)
Confirm with . or Enter, or press ? or * to list all spells.
Aiming: Ensorcelled Hibernation (safe; 7% risk of failure)
Press: ? - help, Shift-Dir - straight line, f/p - gnoll bouda
Aim: a gnoll bouda, wielding a +4 vampiric whip and wearing a +0 leather armour (chance to affect: 49%)
You miscast Ensorcelled Hibernation.
Nothing appears to happen.
The gnoll bouda hits you with a +4 vampiric whip!
* * * LOW HITPOINT WARNING * * *
A jelly comes into view.
The jelly quivers. 😨 HP[-11] MP[-2]
You take 11 damage, and now have 18/46 hp.
MASSIVE DAMAGE!! (PAUSE)
You lost 2 mp, and now have 7/11 mp.
Casting: Ensorcelled Hibernation (safe; 7% risk of failure)
Confirm with . or Enter, or press ? or * to list all spells.
Aiming: Ensorcelled Hibernation (safe; 7% risk of failure)
Press: ? - help, Shift-Dir - straight line, f/p - gnoll bouda
Aim: a gnoll bouda, wielding a +4 vampiric whip and wearing a +0 leather armour (chance to affect: 49%)
The gnoll bouda looks drowsy... 😨 MP[-2]
You lost 2 mp, and now have 5/11 mp.
The helpless gnoll bouda fails to defend itself.
You puncture the gnoll bouda! You burn the gnoll bouda.
The gnoll bouda barely misses you. 😨 HP[+1]
You see here a +0 dagger.
You barely miss the gnoll bouda. Your kick misses the gnoll bouda.
You hit the gnoll bouda but do no damage.
The gnoll bouda closely misses you.
You hit the gnoll bouda but do no damage.
The gnoll bouda gazes fiercely through you!
You feel your attacks grow feeble. The gnoll bouda barely misses you.
You hit the gnoll bouda but do no damage.
The gnoll bouda gazes fiercely through you!
You feel as though you will be weak longer.
The gnoll bouda hits you with a +4 vampiric whip.
* * * LOW HITPOINT WARNING * * *
😨 HP[-4] MP[+1]
You take 4 damage, and now have 15/46 hp.
You hit the gnoll bouda. You burn the gnoll bouda. You kick the gnoll bouda.
The gnoll bouda hits you with a +4 vampiric whip!
* * * LOW HITPOINT WARNING * * *
A demonic guardian appears! 😱 HP[-10]
You take 10 damage, and now have 5/46 hp.
MASSIVE DAMAGE!! (PAUSE)
You swap places.
Your quasit barely misses the gnoll bouda.
Your quasit claws the gnoll bouda but does no damage.
Your quasit closely misses the gnoll bouda.
The gnoll bouda hits your quasit with a +4 vampiric whip!
Your quasit dies!
Your quasit disappears in a puff of smoke!
Unknown command.
You aren't carrying any items that you can evoke.
Unknown command.
It was a potion of brilliance.
You feel clever all of a sudden. 😱 HP[+1]
A red film seems to cover your vision as you go berserk!
You feel yourself moving faster!
You feel mighty!
The gnoll bouda hits you with a +4 vampiric whip.
* * * LOW HITPOINT WARNING * * *
😱 HP[+1]
You now have 69 max hp (+23).
There are monsters nearby!
You hit the gnoll bouda. You burn the gnoll bouda.
You kill the gnoll bouda!
The jelly hits you.
* * * LOW HITPOINT WARNING * * *
You are splashed with acid!
You die...

Skill      XL: |  1  2  3  4  5  6  7 |
---------------+----------------------+-----
Short Blades   | 1 2 3 |  3.8
Ice Magic      | 1 2 3 |  3.0
Stealth        | 3 |  3.9
Hexes          | 4 5 |  5.1
Spellcasting   | 3 |  3.2
Dodging        | |  1.7

Action                     |  1- 3 |  4- 6 |  7- 9 || total
---------------------------+-------+-------+-------++-------
  Melee: Dagger            |    39 |       |       ||    39
         Short sword       |    66 |   188 |    51 ||   305
         Kick              |    11 |    42 |    13 ||    66
         Punch             |       |     2 |       ||     2
   Cast: Ensorcelled Hiber |     9 |    17 |     7 ||    33
    Use: Scroll            |     2 |     4 |       ||     6
         Potion            |       |     2 |     2 ||     4
   Stab: Sleeping          |    15 |    11 |     5 ||    31
         Distracted        |       |     1 |       ||     1
 Armour: Robe              |    40 |    44 |       ||    84
         Leather armour    |       |    67 |    33 ||   100
         Skin              |       |    25 |       ||    25
  Dodge: Dodged            |    56 |   107 |    16 ||   179

Levels and vault maps discovered:
D:1:      dpeg_arrival_solitude, layout_basic
D:2:      layout_loops_ring, basic_altar, shapermc_ecumenical_altar_rom_forum,
          minmay_misc_feat_room
D:3:      layout_rooms, gammafunk_ghost_cemetery, dilly_guarded_unrand_throatcut
D:4:      layout_basic, minmay_temple_entry_junction,
          minmay_hollow_rounded_squares
Temple:   hellmonk_temple_flake

Notes
Turn   | Place    | Note
-------+----------+-------------------------------------------
     0 | D:1      | kae the Demonspawn Enchanter began the quest for the Orb.
     0 | D:1      | Reached XP level 1. HP: 13/13 MP: 3/3
     0 | D:1      | magus.rc [v1.11.3]
     0 | D:1      | magus.rc [v1.11.3]
    31 | D:1      | Reached skill level 1 in Short Blades
   154 | D:1      | Gained mutation: A weak demonic guardian rushes to your
                  | aid. [demonic ancestry]
   154 | D:1      | Reached XP level 2. HP: 16/19 MP: 5/5
   157 | D:1      | Learned a level 2 spell: Ensorcelled Hibernation
   911 | D:2      | Identified the of Avaul
   911 | D:2      | Found a faded altar of an unknown god.
   924 | D:2      | Gained mutation: You have large cloven feet. [demonic
                  | ancestry]
   924 | D:2      | Reached XP level 3. HP: 9/24 MP: 1/6
  1050 | D:2      | Found a radiant altar of Vehumet.
  1342 | D:2      | Reached skill level 1 in Ice Magic
  1374 | D:2      | Reached skill level 2 in Short Blades
  1374 | D:2      | Reached skill level 3 in Stealth
  1477 | D:2      | Gained mutation: You have hoof-like feet. [demonic
                  | ancestry]
  1477 | D:2      | Reached XP level 4. HP: 30/30 MP: 7/7
  1481 | D:2      | Learned a level 3 spell: Confusing Touch
  1483 | D:2      | Learned a level 1 spell: Necrotise
  2088 | D:3      | Found a runed translucent gate.
  2090 | D:3      | Found a runed translucent gate.
  2091 | D:3      | Found a runed translucent gate.
  2092 | D:3      | Noticed Azuregosa's ghost (weakling OpDe)
  2092 | D:3      | Noticed Vorhees's ghost (amateur HuFi)
  2093 | D:3      | Noticed captivecurve's ghost (amateur GrEE)
  2257 | D:3      | Found the +7 Throatcutter {drain, coup de grace}
  2257 | D:3      | Noticed a kobold brigand
  2257 | D:3      | Noticed a kobold brigand
  2291 | D:3      | Killed a kobold brigand
  2292 | D:3      | Reached skill level 4 in Hexes
  2292 | D:3      | Reached skill level 2 in Ice Magic
  2292 | D:3      | Reached XP level 5. HP: 18/35 MP: 5/8
  2303 | D:3      | HP: 10/52 [kobold brigand/+0 short sword (4)]
  2314 | D:3      | Reached XP level 6. HP: 14/41 MP: 5/10
  2748 | D:4      | Reached skill level 3 in Short Blades
  3048 | D:4      | Found a large runed translucent door.
  3048 | D:4      | Found a large runed translucent door.
  3066 | D:4      | Reached skill level 3 in Spellcasting
  3066 | D:4      | Reached skill level 3 in Ice Magic
  3077 | D:4      | Noticed a steam dragon
  3102 | D:4      | Found a large runed translucent door.
  3102 | D:4      | Found a large runed translucent door.
  3137 | D:4      | Gained mutation: You are partially covered in yellow
                  | scales. (AC +2) [demonic ancestry]
  3137 | D:4      | Reached XP level 7. HP: 46/46 MP: 11/11
  3184 | D:4      | HP: 7/46 [something/magic dart (10)]
  3355 | D:4      | Found a staircase to the Ecumenical Temple.
  3362 | D:4      | Reached skill level 5 in Hexes
  3390 | Temple   | Entered the Ecumenical Temple
  3604 | D:4      | HP: 5/46 [gnoll bouda/+4 vampiric whip (10)]
  3610 | D:4      | HP: 5/69 [jelly (2)]
  3610 | D:4      | Splashed by a jelly's acid

Vanquished Creatures
  An ogre (D:4)
  2 kobold brigands (D:3)
  A jelly (D:4)
  A gnoll bouda (D:4)
  3 orc priests
  2 hounds (D:4)
  2 orc wizards (D:4)
  3 adders
  2 worms
  3 dart slugs
  11 orcs
  12 ball pythons
  7 endoplasms
  2 giant cockroaches (D:3)
  8 goblins
  7 hobgoblins
  5 jackals
  4 quokkas
  3 bats (D:2)
  3 frilled lizards
  14 kobolds
  6 rats
102 creatures vanquished.

Vanquished Creatures (collateral kills)
  A hound (D:4)
  An orc priest (D:4)
  An orc wizard (D:4)
  2 orcs
  A goblin (D:3)
  A quokka (D:3)
7 creatures vanquished.

Vanquished Creatures (others)
  An orc wizard (D:4)
1 creature vanquished.

Grand Total: 110 creatures vanquished

Table legend:
 A = Non-vault XP
 B = Vault XP
 C = Vault XP percentage of total XP
 D = Non-vault monster count
 E = Vault monster count
 F = Vault count percentage of total count
                 A         B        C        D         E       F
            +---------+---------+-------+---------+---------+-------
      Total |     741 |     254 |  25.5 |      97 |      12 |  11.0
            +---------+---------+-------+---------+---------+-------
        D:1 |      38 |       0 |   0.0 |      21 |       0 |   0.0
        D:2 |     114 |       0 |   0.0 |      29 |       0 |   0.0
        D:3 |      41 |     207 |  83.5 |      13 |       7 |  35.0
        D:4 |     548 |      47 |   7.9 |      34 |       5 |  12.8
            +---------+---------+-------+---------+---------+-------

Skill      XL: |  1  2  3  4  5  6  7 |
---------------+----------------------+-----
Short Blades   | 1 2 3 |  3.8
Ice Magic      | 1 2 3 |  3.0
Stealth        | 3 |  3.9
Hexes          | 4 5 |  5.1
Spellcasting   | 3 |  3.2
Dodging        | |  1.7

Action                     |  1- 3 |  4- 6 |  7- 9 || total
---------------------------+-------+-------+-------++-------
  Melee: Dagger            |    39 |       |       ||    39
         Short sword       |    66 |   188 |    51 ||   305
         Kick              |    11 |    42 |    13 ||    66
         Punch             |       |     2 |       ||     2
   Cast: Ensorcelled Hiber |     9 |    17 |     7 ||    33
    Use: Scroll            |     2 |     4 |       ||     6
         Potion            |       |     2 |     2 ||     4
   Stab: Sleeping          |    15 |    11 |     5 ||    31
         Distracted        |       |     1 |       ||     1
 Armour: Robe              |    40 |    44 |       ||    84
         Leather armour    |       |    67 |    33 ||   100
         Skin              |       |    25 |       ||    25
  Dodge: Dodged            |    56 |   107 |    16 ||   179

Illustrated notes

Table legend:
 A = Kills in this place as a percentage of kills in the entire game.
 B = Kills by you in this place as a percentage of kills by you in the entire game.
 C = Kills by friends in this place as a percentage of kills by friends in the entire game.
 D = Other kills in this place as a percentage of other kills in the entire game.
 E = Experience gained in this place as a percentage of experience gained in the entire game.
 F = Experience gained in this place divided by the number of levels of this place that you have seen.
                   A       B       C       D       E      F
               +-------+-------+-------+-------+-------+----------------------
         Total | 100.0 | 100.0 | 100.0 |   N/A | 100.0 | 199.0
       Dungeon | 100.0 | 100.0 | 100.0 |   N/A | 100.0 | 248.8
               +-------+-------+-------+-------+-------+----------------------

Table legend: (Time is in decaauts)
 A = Elapsed time spent in this place.
 B = Non-inter-level travel time spent in this place.
 C = Inter-level travel time spent in this place.
 D = Time resting spent in this place.
 E = Time spent auto-exploring this place.
 F = Levels seen in this place.
 G = Mean time per level.
                   A        B        C        D        E       F      G
               +--------+--------+--------+--------+--------+-----+--------+
         Total |   3572 |   3484 |     88 |    390 |   2296 |   5 |  714.4 |
       Dungeon |   3531 |   3444 |     87 |    390 |   2257 |   4 |  882.8 |
        Temple |     40 |     39 |      1 |      0 |     39 |   1 |   40.0 |
               +--------+--------+--------+--------+--------+-----+--------+

Top non-repeatable levels by time:
     D:2: 1072 daAuts
     D:1: 906 daAuts
     D:4: 899 daAuts
     D:3: 653 daAuts
  Temple: 40 daAuts
